 Dungeon Crawl Stone Soup version 0.28.0-49-g6dfe1f597d (webtiles) character file.

Game seed: 4599598329555873163

42 bnorton916 the Firebug (level 3, -5/19 HPs)
             Began as a Deep Elf Fire Elementalist on May 17, 2022.
             Slain by an orc
             ... wielding a +0 hand axe
              (6 damage)
             ... on level 2 of the Dungeon.
             The game lasted 00:02:46 (2228 turns).

bnorton916 the Firebug (Deep Elf Fire Elementalist) Turns: 2228, Time: 00:02:47

Health: -5/19      AC:  3    Str:  5    XL:     3   Next: 35%
Magic:  8/10       EV: 12    Int: 21    God:
Gold:   114        SH:  0    Dex: 15    Spells: 6/9 levels left

rFire   + . .      SeeInvis .   b - staff of fire
rCold   . . .      Faith    .   (no shield)
rNeg    . . .      Spirit   .   a - +0 robe
rPois   .          Reflect  .   (no helmet)
rElec   .          Harm     .   (no cloak)
rCorr   .          Rampage  .   h - +0 pair of gloves
Will    .....                   (no boots)
Stlth   ++........              (no amulet)
HPRegen 0.06/turn               (no ring)
MPRegen 0.12/turn               (no ring)

@: no status effects
A: no striking features
a: no special abilities


You were on level 2 of the Dungeon.
You visited 1 branch of the dungeon, and saw 3 of its levels.

You collected 114 gold pieces.

Inventory:

Armour
 a - a +0 robe (worn)
 h - a +0 pair of gloves (worn)
Magical Staves
 b - a staff of fire (weapon)
Jewellery
 k - an amulet of guardian spirit
Scrolls
 c - a scroll of fog {unknown}
 d - a scroll of enchant weapon {unknown}
 e - a scroll of enchant armour {unknown}
 f - a scroll of identify {unknown}
Potions
 g - a potion of mutation {unknown}
 i - a potion of brilliance {unknown}
 j - a potion of lignification {unknown}
 l - a potion of berserk rage {unknown}
 m - a potion of attraction {unknown}


   Skills:
 - Level 2.4 Dodging
 - Level 2.4 Stealth
 + Level 3.9 Spellcasting
 + Level 2.2 Conjurations
 + Level 3.9 Fire Magic


You had 6 spell levels left.
You knew the following spells:

 Your Spells              Type           Power      Damage    Failure   Level
a - Foxfire               Conj/Fire      100%       2x1d9     3%          1
b - Scorch                Fire           62%        2d8       3%          2

Your spell library contained the following spells:

 Spells                   Type           Power      Damage    Failure   Level
 Conjure Flame            Conj/Fire      25%        6-21      11%         3
 Beastly Appendage        Tmut           8%         N/A       12%         1
 Inner Flame              Hex/Fire       18%        N/A       16%         3
 Wereblood                Tmut           4%         N/A       19%         2
 Flame Wave               Conj/Fire      25%        2d7       34%         4
 Spider Form              Tmut/Pois      4%         N/A       36%         3


Dungeon Overview and Level Annotations

Branches:
Dungeon (3/15)

Altars:


Message History

Confirm with . or Enter, or press ? or * to list all spells.
You feel a surge of power!
You conjure some foxfire!
Your foxfire dissipates!
The rat bites you but does no damage.
The foxfire hits the rat.
You kill the rat!
Your foxfire dissipates!
Found a stone staircase leading up.
An orc comes into view. It is wielding a +0 morningstar.
The orc shouts!
An orc comes into view. It is wielding a +0 hand axe.
The orc shouts!
You hear a shout!
You hear an angry hiss.
A ball python comes into view.
A ball python comes into view.
The ball python hisses angrily. x2
An adder comes into view.
An orc comes into view. It is wielding a +0 morningstar.
An orc comes into view. It is wielding a +0 flail.
The orc misses you.
An orc comes into view. It is wielding a +0 dagger.
The orc shouts!
The orc hits you with a +0 hand axe. The adder barely misses you.
The orc shouts!
You hear an angry hiss.
The orc hits you with a +0 morningstar.
There is a stone staircase leading up here.
The adder completely misses you. The orc hits you with a +0 hand axe.
The orc hits you but does no damage.
You climb upwards.
There is a stone staircase leading down here.
Casting: Foxfire (safe; 3% risk of failure)
Confirm with . or Enter, or press ? or * to list all spells.
You feel a surge of power!
Flames lash the orc.
The orc is heavily wounded.
The orc's fire resistance burns away.
The adder barely misses you. The orc hits you with a +0 hand axe.
* * * LOW HITPOINT WARNING * * *
The adder misses you. The orc closely misses you.
The orc hits you with a +0 hand axe.
You die...

# #.# #.##..............
######.####.##.#######......
##..............†..####.###..
#####...###.........##......# #..
..........######.##########.###..
#####...#.#####.#.##### #......
##.##......###....# ##.###.
#.########o#o###.# #.# #. #.#
##@## #.# #.# #. #####.# #S# #.#
#.# #. #.....# #.# #.### #.# #.
#.##### #.# #...# #.# #.
##.###### #.# ###.# #<###.
........# #.# #.# #.##..
##.####.# #.# #.# #....# ##.# #.#
#.######.#######.. ...# #.#
#.................


You could see an adder and 2 orcs.

Vanquished Creatures
  4 dart slugs
  2 endoplasms (D:1)
  2 giant cockroaches (D:1)
  3 hobgoblins (D:1)
  3 jackals (D:1)
  A kobold (D:1)
  3 ball pythons (D:1)
  7 bats
  3 frilled lizards (D:1)
  6 rats
34 creatures vanquished.

Vanquished Creatures (collateral kills)
  A foxfire (D:1)
1 creature vanquished.

Vanquished Creatures (others)
  67 foxfires
67 creatures vanquished.

Grand Total: 102 creatures vanquished

Notes
Turn   | Place    | Note
-------+----------+-------------------------------------------
     0 | D:1      | bnorton916 the Deep Elf Fire Elementalist began the quest
                  | for the Orb.
     0 | D:1      | Reached XP level 1. HP: 10/10 MP: 6/6
   259 | D:1      | Found a faded altar of an unknown god.
   300 | D:1      | Reached XP level 2. HP: 9/15 MP: 5/8
   901 | D:1      | Learned a level 2 spell: Scorch
   999 | D:1      | Reached XP level 3. HP: 19/19 MP: 5/10
  2228 | D:2      | Slain by an orc

Illustrated notes

Levels and vault maps discovered:
D:1:      lemuel_arrival_muddy, layout_basic, chequers_ecumenical_altar_island,
          minivault_5
D:2:      layout_loops_ring, amcnicky_mini_pool_small
D:3:      layout_basic

Skill      XL: |  1  2 |
---------------+-------+-----
Conjurations   | 2 |  2.2
Dodging        | |  2.4
Stealth        | |  2.4
Spellcasting   | |  3.9
Fire Magic     | |  3.9

Action                   || total
-------------------------++-------
Melee: Staff             ||     1
 Cast: Foxfire           ||    45
       Scorch            ||     1
Armor: Robe              ||     8
Dodge: Dodged            ||    27
